 Dungeon Crawl Stone Soup version 0.29-a0-364-g921d912d32 (webtiles) character file.

Game seed: 3380360152502471728

941 jlumianski the Chopper (level 7, -1/54 HPs)
             Began as a Demonspawn Fighter on Apr 30, 2022.
             Was an Initiate of Qazlal.
             Slain by an orc warrior
             ... wielding a +0 dire flail
              (13 damage)
             ... on level 6 of the Dungeon.
             The game lasted 00:13:38 (5034 turns).

jlumianski the Chopper (Demonspawn Fighter)         Turns: 5034, Time: 00:13:39

Health: -1/54      AC: 21    Str: 18    XL:     7   Next: 88%
Magic:  7/7        EV:  5    Int:  9    God:    Qazlal [......]
Gold:   195        SH:  6    Dex: 13    Spells: 6/6 levels left

rFire   . . .      SeeInvis .   a - +0 war axe
rCold   . . .      Faith    .   c - +1 buckler
rNeg    . . .      Spirit   .   k - +0 plate armour
rPois   .          Reflect  .   (no helmet)
rElec   .          Harm     .   (no cloak)
rCorr   +          Rampage  .   (no gloves)
Will    .....                   (no boots)
Stlth   ..........              (no amulet)
HPRegen 0.18/turn               w - ring of resist corrosion
MPRegen 0.10/turn               (no ring)

@: mighty, sanguine armoured
A: powered by pain 1, spiny 1, sanguine armour 2, weakness stinger 1
a: Renounce Religion


You were on level 6 of the Dungeon.
You worshipped Qazlal.
Qazlal was noncommittal.
You visited 2 branches of the dungeon, and saw 7 of its levels.

You collected 237 gold pieces.
You spent 42 gold pieces at shops.

Inventory:

Hand Weapons
 a - a +0 war axe (weapon)
 o - a +2 quarterstaff of chaos
 q - the +3 mace of Excruciating Pain {speed, rF+++ rC+ Int-4}
   (You found it on level 3 of the Dungeon)

   Attacks with this weapon are significantly faster.
   Int:       It affects your intelligence (-4).
   rF:        It renders you almost immune to fire.
   rC:        It protects you from cold.
Missiles
 d - 10 poisoned darts
 g - 115 stones (quivered)
Armour
 b - a +0 scale mail
 c - a +1 buckler (worn)
 k - a +0 plate armour (worn)
 p - a +0 cloak
Jewellery
 w - a ring of resist corrosion (left hand)
Wands
 i - a wand of flame (14)
 m - a wand of iceblast (11)
 v - a wand of digging (1)
Scrolls
 e - a scroll of teleportation
 f - a scroll of blinking
 j - a scroll of enchant armour
 s - 2 scrolls of immolation
 u - 2 scrolls of noise
Potions
 h - a potion of invisibility
 l - a potion of might
 n - 3 potions of curing
 r - a potion of flight
 t - 2 potions of heal wounds
 x - a potion of cancellation {unknown}


   Skills:
 + Level 4.1 Fighting
 + Level 5.9 Axes
 + Level 4.6 Armour
 + Level 1.4 Dodging
 + Level 0.1 Stealth
 + Level 4.2 Shields


You had 6 spell levels left.
You didn't know any spells.
Your spell library contained the following spells:

 Spells                   Type           Power      Damage    Failure   Level
 Slow                     Hex            0%         N/A       100%        1
 Blink                    Tloc           0%         N/A       100%        2
 Confusing Touch          Hex            0%         N/A       100%        3
 Frozen Ramparts          Ice            0%         1d2       100%        3
 Lesser Beckoning         Tloc           0%         N/A       100%        3
 Summon Guardian Golem    Hex/Summ       0%         N/A       100%        3
 Vampiric Draining        Necr           0%         2d6       100%        3
 Ice Form                 Ice/Tmut       0%         N/A       100%        4
 Summon Ice Beast         Ice/Summ       0%         N/A       100%        4
 Manifold Assault         Tloc           0%         N/A       100%        5
 Orb of Destruction       Conj           0%         9d5       100%        7
 Spellforged Servitor     Conj/Summ      0%         N/A       100%        7


Dungeon Overview and Level Annotations

Branches:
Dungeon (6/15)             Temple (1/1) D:5

Altars:
Ashenzari
Dithmenos
Elyvilon
Fedhas
Gozag
Hepliaklqana
Kikubaaqudgha
Nemelex Xobeh
Okawaru
Qazlal
Ru
Trog
Uskayaw
Vehumet
Yredelemnul
Zin

Shops:
D:1 !   D:4 =


Innate Abilities, Weirdness & Mutations

You sometimes gain a little power by taking damage.
You are partially covered in sharp spines.
When seriously injured, your blood forms thick armour. (AC +9)
You have a small tail.


Message History

The orc priest looks satisfied for a moment.
The orc wizard points at you and mumbles some strange words.
The puff of flame hits you but does no damage.
The orc wizard is struck by your spines.
The orc wizard hits you but does no damage.
You closely miss the orc wizard.
The orc wizard is lightly wounded.
The orc wizard barely misses you.
The orc priest casts a cantrip, but nothing happens.
You barely miss the orc warrior.
The orc wizard casts a spell.
The orc wizard flickers and vanishes!
Deactivating autopickup; reactivate with Ctrl-A.
The orc warrior hits you with a +0 dire flail!
Your blood congeals into armour.
The orc priest miscasts a cantrip.
You closely miss the orc warrior.
The orc priest miscasts a cantrip.
The orc warrior barely misses you.
You hit the orc warrior.
The orc warrior is lightly wounded.
The orc warrior barely misses you.
You closely miss the orc warrior.
The orc warrior is lightly wounded.
The orc warrior hits you with a +0 dire flail.
The orc priest calls down the wrath of Beogh upon you.
Beogh smites you!
* * * LOW HITPOINT WARNING * * *
The orc warrior closely misses you.
You feel very mighty all of a sudden.
The orc warrior hits you with a +0 dire flail.
* * * LOW HITPOINT WARNING * * *
You barely miss the orc warrior.
The orc warrior is lightly wounded.
You block the orc warrior's attack.
You hit the orc warrior but do no damage.
You tail-slap the orc warrior!
The orc warrior is moderately wounded.
The orc warrior hits you with a +0 dire flail!
You die...

....... ....... .......
#### ....... ...# .......
...# .....).## ...#
.......o####...#
#..##.{o@.....#
###..#..####...#
#......).#.....#
#.......)#.#...#
#.......)!.#.#.###
#................# ###
#......8.......8.##### #..
...........$.........###..
.......8.......8.###......


You could see an orc warrior and an orc priest.

Vanquished Creatures
  Sigmund (D:2)
  A black bear (D:4)
  A bullfrog (D:6)
  A hound (D:5)
  2 jellies
  A gnoll shaman (D:4)
  An orc priest (D:6)
  2 iguanas
  Crazy Yiuf (D:3)
  Jessica (D:3)
  Natasha (thrice) (D:3)
  An orc wizard (D:6)
  9 gnolls
  6 adders
  2 white imps
  An ufetubus (D:6)
  A dart slug (D:1)
  9 orcs
  8 ball pythons
  6 endoplasms
  2 giant cockroaches
  5 goblins
  7 hobgoblins
  22 jackals
  4 quokkas
  9 bats
  2 frilled lizards (D:3)
  14 kobolds
  3 rats
126 creatures vanquished.

Vanquished Creatures (others)
  2 plants (D:1)
2 creatures vanquished.

Grand Total: 128 creatures vanquished

Notes
Turn   | Place    | Note
-------+----------+-------------------------------------------
     0 | D:1      | jlumianski the Demonspawn Fighter began the quest for the
                  | Orb.
     0 | D:1      | Reached XP level 1. HP: 18/18 MP: 1/1
   270 | D:1      | Gained mutation: You sometimes gain a little power by
                  | taking damage. [demonic ancestry]
   270 | D:1      | Reached XP level 2. HP: 23/24 MP: 2/2
   522 | D:1      | Reached skill level 2 in Axes
   657 | D:1      | Gained mutation: You are partially covered in sharp spines.
                  | [demonic ancestry]
   657 | D:1      | Reached XP level 3. HP: 20/29 MP: 3/3
   883 | D:1      | Found a faded altar of an unknown god.
   996 | D:1      | Found Zadof's Distillery.
  1200 | D:1      | Bought a potion of curing for 42 gold pieces
  1327 | D:2      | Noticed Sigmund
  1335 | D:2      | Killed Sigmund
  1336 | D:2      | Reached skill level 3 in Axes
  1336 | D:2      | Reached skill level 1 in Dodging
  1336 | D:2      | Gained mutation: When seriously injured, your blood forms
                  | armour. (AC +9) [demonic ancestry]
  1336 | D:2      | Reached XP level 4. HP: 8/35 MP: 4/4
  1336 | D:2      | Gained mutation: You have a small tail. [demonic ancestry]
  1336 | D:2      | Reached XP level 5. HP: 10/41 MP: 5/5
  2163 | D:3      | Noticed Jessica
  2163 | D:3      | You fall into a shaft and drop 2 floors!
  2163 | D:5      | Entered Level 5 of the Dungeon
  2230 | D:4      | Reached skill level 4 in Axes
  2378 | D:4      | Found an opulent altar of Gozag.
  2477 | D:3      | Noticed Natasha
  2482 | D:3      | Killed Natasha
  2483 | D:3      | Reached XP level 6. HP: 43/47 MP: 6/6
  2566 | D:3      | Noticed Natasha
  2569 | D:3      | Killed Natasha
  2589 | D:3      | Noticed Natasha
  2608 | D:3      | Killed Natasha
  2697 | D:3      | Killed Jessica
  2765 | D:3      | Found a runed translucent door.
  2766 | D:3      | Noticed Crazy Yiuf
  2771 | D:3      | Killed Crazy Yiuf
  2779 | D:3      | Identified the +3 mace of Excruciating Pain {speed, rF+++
                  | rC+ Int-4}
  3491 | D:5      | Found a radiant altar of Vehumet.
  4020 | D:4      | Gained mutation: When seriously injured, your blood forms
                  | thick armour. (AC +9) [demonic ancestry]
  4020 | D:4      | Reached XP level 7. HP: 52/52 MP: 7/7
  4050 | D:4      | Found Kolaef's Jewellery Emporium.
  4365 | D:4      | Reached skill level 5 in Axes
  4564 | D:5      | Found a staircase to the Ecumenical Temple.
  4585 | Temple   | Entered the Ecumenical Temple
  4670 | Temple   | Became a worshipper of Qazlal Stormbringer
  4986 | D:6      | Found a hide-covered altar of Uskayaw.
  5034 | D:6      | Slain by an orc warrior

Illustrated notes

Levels and vault maps discovered:
D:1:      giann_bridges, layout_basic, serial_shops, nicolae_shop_stone,
          hellmonk_ecumenical_altar_heavens_door, grunt_decor_one_mirror,
          hex_large
D:2:      layout_rooms, uniq_sigmund
D:3:      layout_loops_ring, minmay_tree_intersection, uniq_jessica,
          uniq_natasha, uniq_crazy_yiuf_cottage
D:4:      layout_basic, mainiacjoe_overflow_24_doors, serial_shops, shop,
          serial_glass, glass_columns_a, glass_columns_c, glass_columns_b,
          glass_columns_a, glass_columns_b, glass_columns_a, glass_columns_b,
          glass_columns_b, glass_columns_a, glass_columns_c,
          hangedman_abyss_or_decor_lesser_grid
D:5:      layout_loops_cross, vehumet_crystals, minmay_temple_entry_waves,
          uniq_duvessa, uniq_edmund, uniq_grinder
D:6:      layout_rooms, tgw_sif, eat_drink_and_be_merry_uskayaw,
          lemuel_tele_altar, uniq_maggie
Temple:   cyrus_circular_temple

Skill      XL: |  1  2  3  4  5  6  7 |
---------------+----------------------+-----
Shields        | 3 4 |  4.2
Axes           | 2 3 4 5 |  5.9
Armour         | 3 4 |  4.6
Dodging        | 1 |  1.4
Fighting       | 4 |  4.1
Stealth        | |  0.1

Action                   |  1- 3 |  4- 6 |  7- 9 || total
-------------------------+-------+-------+-------++-------
Melee: War axe           |   100 |    85 |    51 ||   236
       Tailslap          |       |    13 |     8 ||    21
Throw: Stone             |       |     2 |       ||     2
  Use: Scroll            |     7 |     3 |     1 ||    11
       Potion            |     1 |       |     2 ||     3
Armor: Scale mail        |    53 |     3 |       ||    56
       Plate armour      |       |    37 |    40 ||    77
Dodge: Dodged            |    46 |    20 |    14 ||    80
Block: Buckler           |    25 |    20 |    23 ||    68

Table legend: (Time is in decaauts)
 A = Elapsed time spent in this place.
 B = Non-inter-level travel time spent in this place.
 C = Inter-level travel time spent in this place.
 D = Time resting spent in this place.
 E = Time spent auto-exploring this place.
 F = Levels seen in this place.
 G = Mean time per level.
                   A        B        C        D        E       F      G
               +--------+--------+--------+--------+--------+-----+--------+
         Total |   5136 |   5074 |     62 |    240 |   3378 |   7 |  733.7 |
       Dungeon |   5041 |   4979 |     62 |    240 |   3378 |   6 |  840.2 |
        Temple |     94 |     94 |      0 |      0 |      0 |   1 |   94.0 |
               +--------+--------+--------+--------+--------+-----+--------+

Top non-repeatable levels by time:
     D:4: 1341 daAuts
     D:3: 1242 daAuts
     D:1: 1173 daAuts
     D:2: 686 daAuts
     D:5: 508 daAuts
  Temple: 94 daAuts
     D:6: 90 daAuts
